 Dungeon Crawl Stone Soup version 0.27.1-3-gb3d3a73c9e (webtiles) character file.

Game seed: 13579290198894804131

81 earthworldpsion the Stinger (level 4, -3/30 HPs)
             Began as a Merfolk Venom Mage on Oct 17, 2021.
             Slain by an orc (7 damage)
             ... on level 3 of the Dungeon.
             The game lasted 00:13:43 (3512 turns).

earthworldpsion the Stinger (Merfolk Venom Mage)    Turns: 3512, Time: 00:13:44

Health: -3/30      AC:  6    Str:  8    XL:     4   Next: 42%
Magic:  7/7        EV:  8    Int: 15    God:
Gold:   90         SH:  0    Dex: 14    Spells: 4/7 levels left

rFire    . . .     SeeInvis .   c - +0 whip
rCold    . . .     Faith    .   (no shield)
rNeg     . . .     Spirit   .   b - +0 scale mail
rPois    .         Reflect  .   (no helmet)
rElec    .         Harm     .   (no cloak)
rCorr    .         Rampage  .   (no gloves)
Will     .....                  (no boots)
Stlth    +.........             (no amulet)
HPRegen  0.10/turn              (no ring)
MPRegen  0.10/turn              (no ring)

@: no status effects
A: (nimble swimmer 2), mertail
a: no special abilities


You were on level 3 of the Dungeon.
You visited 1 branch of the dungeon, and saw 3 of its levels.

You collected 90 gold pieces.

Inventory:

Hand Weapons
 c - a +0 whip (weapon)
Armour
 a - a +0 robe
 b - a +0 scale mail (worn)
 f - a +0 chain mail
 g - a +0 scale mail
 j - a +0 robe
Scrolls
 d - 2 scrolls of noise
Potions
 e - a potion of curing {unknown}
 h - a potion of cancellation {unknown}
 i - a potion of flight {unknown}


   Skills:
 + Level 0.1 Fighting
 + Level 0.9 Maces & Flails
 + Level 1.4 Armour
 + Level 2.8 Dodging
 + Level 2.2 Stealth
 + Level 0.1 Unarmed Combat
 + Level 2.4 Spellcasting
 + Level 2.0 Transmutations
 + Level 3.9 Poison Magic


You had 4 spell levels left.
You knew the following spells:

 Your Spells              Type           Power      Damage    Failure   Level
a - Sting                 Tmut/Pois      40%        1d5       52%         1
b - Poisonous Vapours     Pois/Air       14%        N/A       80%         2

Your spell library contained the following spells:

 Spells                   Type           Power      Damage    Failure   Level
 Mephitic Cloud           Conj/Pois/Air  5%         N/A       98%         3
 Olgreb's Toxic Radiance  Pois           13%        N/A       99%         4


Dungeon Overview and Level Annotations

Branches:
Dungeon (3/15)

Altars:
Fedhas


Innate Abilities, Weirdness & Mutations

((You are quick and stealthy near water. (Stealth+, EV+, Speed+++)))
Your lower body shifts to a powerful aquatic tail in water.


Message History

The orc is lightly wounded.
The orc closely misses you.
Your scale mail prevents you from hitting the orc.
The orc is lightly wounded.
The orc hits you but does no damage.
Casting: Sting (safe; 52% risk of failure)
Confirm with . or Enter, or press ? or * to list all spells.
Aiming: Sting (safe; 52% risk of failure)
Press: ? - help, Shift-Dir - straight line, f - orc
Aim: an orc, wielding a +0 flail (lightly wounded, 71% to hit)
You miscast Sting.
You are very lightly contaminated with residual magic.
Nothing appears to happen.
The orc barely misses you. The orc closely misses you.
Casting: Sting (safe; 52% risk of failure)
Confirm with . or Enter, or press ? or * to list all spells.
Aiming: Sting (safe; 52% risk of failure)
Press: ? - help, Shift-Dir - straight line, f/p - orc
Aim: an orc, wielding a +0 flail (lightly wounded, 71% to hit)
You miscast Sting.
Nothing appears to happen.
The orc hits you with a +0 flail.
* * * LOW HITPOINT WARNING * * *
Casting: Sting (safe; 52% risk of failure)
Confirm with . or Enter, or press ? or * to list all spells.
Aiming: Sting (safe; 52% risk of failure)
Press: ? - help, Shift-Dir - straight line, f/p - orc
Aim: an orc, wielding a +0 flail (lightly wounded, 71% to hit)
You miscast Sting.
Nothing appears to happen.
The orc hits you but does no damage.
Casting: Sting (safe; 52% risk of failure)
Confirm with . or Enter, or press ? or * to list all spells.
Aiming: Sting (safe; 52% risk of failure)
Press: ? - help, Shift-Dir - straight line, f/p - orc
Aim: an orc, wielding a +0 flail (lightly wounded, 71% to hit)
You miscast Sting.
Nothing appears to happen.
The orc hits you with a +0 flail.
* * * LOW HITPOINT WARNING * * *
Your magical contamination has completely faded away.
The orc barely misses you.
There is a stone staircase leading up here.
The orc hits you with a +0 flail!
You die...

#######.######.####..###.####...(
# #.##...#.####......# #.#.. #
#.##........##.##### #.##. #
#......#.##......# #.<.. #
#.######.#####.#.# ####. # #.#
#.........# #. #######.#
###.####..# .. ........# #o# #..#
.. ###.##### #@# #..# #.# ....
#.# #...## ..# #.... ### #.##. #.
.


You could see an orc.

Vanquished Creatures
  4 adders (D:2)
  3 dart slugs
  3 bats
  2 endoplasms (D:2)
  A giant cockroach (D:2)
  A goblin (D:3)
  4 hobgoblins
  7 jackals (D:3)
  2 kobolds
  A quokka (D:3)
  4 ball pythons
  4 frilled lizards
  5 rats
41 creatures vanquished.

Vanquished Creatures (others)
  7 plants (D:3)
  9 withered plants (D:3)
16 creatures vanquished.

Grand Total: 57 creatures vanquished

Notes
Turn   | Place    | Note
-------+----------+-------------------------------------------
     0 | D:1      | earthworldpsion the Merfolk Venom Mage began the quest for
                  | the Orb.
     0 | D:1      | Reached XP level 1. HP: 13/13 MP: 3/3
   735 | D:1      | Reached XP level 2. HP: 19/19 MP: 5/5
   792 | D:1      | You fall into a shaft and drop 1 floor!
  1506 | D:2      | Reached XP level 3. HP: 16/24 MP: 6/6
  1800 | D:2      | Found a blossoming altar of Fedhas.
  1910 | D:2      | Reached skill level 1 in Armour
  2656 | D:2      | Reached XP level 4. HP: 8/30 MP: 7/7
  3293 | D:3      | Learned a level 2 spell: Poisonous Vapours
  3512 | D:3      | Slain by an orc

Illustrated notes

Levels and vault maps discovered:
D:1:      heliophobic_arrival_enchanted_forest, layout_loops_cross,
          hangedman_abyss_or_decor_lesser_grid
D:2:      layout_basic, basic_altar, corexii_corridor_pit
D:3:      layout_loops_cross, shapermc_ecumenical_altar_flowoftime

Skill      XL: |  1  2  3  4 |
---------------+-------------+-----
Armour         | 1 |  1.4
Transmutations | 2 |  2.0
Fighting       | |  0.1
Maces & Flails | |  0.9
Dodging        | |  2.8
Stealth        | |  2.2
Unarmed Combat | |  0.1
Spellcasting   | |  2.4
Poison Magic   | |  3.9

Action                   |  1- 3 |  4- 6 || total
-------------------------+-------+-------++-------
Melee: Whip              |   122 |    74 ||   196
       Unarmed           |    18 |       ||    18
 Cast: Sting             |     8 |     1 ||     9
  Use: Scroll            |     1 |     1 ||     2
       Potion            |     1 |       ||     1
Armor: Scale mail        |    74 |    39 ||   113
Dodge: Dodged            |    73 |    42 ||   115
